 Dungeon Crawl Stone Soup version 0.29.1-15-g9cfb28693d (webtiles) character file.

Game seed: 3590058647081882435

78 protoss039 the Digger (level 4, 16/33 HPs)
             Began as a Demonspawn Earth Elementalist on Mar 3, 2023.
             Got out of the dungeon alive.
             The game lasted 00:01:53 (2231 turns).

protoss039 the Digger (DsEE)                        Turns: 2231, Time: 00:01:53

Health: 16/33      AC:  5    Str:  8    XL:     4   Next: 15%
Magic:  8/8        EV: 10    Int: 19    God:
Gold:   84         SH:  0    Dex: 13    Spells: 7/8 levels left

rFire   . . .      SeeInvis .   l - +0 hand axe
rCold   . . .      Faith    .   (no shield)
rNeg    . . .      Spirit   .   i - +0 ring mail
rPois   .          Reflect  .   (helmet restricted)
rElec   .          Harm     .   (no cloak)
rCorr   .          Rampage  .   (no gloves)
Will    .....                   (no boots)
Stlth   +.........              (no amulet)
HPRegen 0.11/turn               (no ring)
MPRegen 0.11/turn               (no ring)

@: no status effects
A: hooves 1, horns 1
a: no special abilities


You escaped.
You visited 1 branch of the dungeon, and saw 2 of its levels.

You collected 84 gold pieces.

Inventory:

Hand Weapons
 h - a +0 dagger
 l - a +0 hand axe (weapon)
Armour
 i - a +0 ring mail (worn)
Scrolls
 a - a scroll of poison {unknown}
 e - 3 scrolls of teleportation {unknown}
 f - a scroll of identify {unknown}
 m - a scroll of fear {unknown}
 o - a scroll of blinking {unknown}
 p - a scroll of vulnerability {unknown}
Potions
 b - a potion of magic
 c - a potion of lignification {unknown}
 d - a potion of haste {unknown}
 g - a potion of degeneration {unknown}
 j - a potion of curing {unknown}
 k - a potion of resistance {unknown}
 n - a potion of attraction {unknown}


   Skills:
 + Level 2.0 Fighting
 - Level 1.7 Dodging
 - Level 1.7 Stealth
 + Level 2.9 Spellcasting
 - Level 0.8 Transmutations
 + Level 3.4 Earth Magic


You had 7 spell levels left.
You knew the following spells:

 Your Spells              Type           Power      Damage    Failure   Level
a - Sandblast             Erth           30%        2d9       12%         1

Your spell library contained the following spells:

 Spells                   Type           Power      Damage    Failure   Level
 Passwall                 Tmut/Erth      8%         N/A       30%         2
 Stone Arrow              Conj/Erth      18%        3d8       56%         3
 Static Discharge         Conj/Air       2%         3-4/arc   58%         2
 Inner Flame              Hex/Fire       2%         N/A       82%         3
 Petrify                  Tmut/Erth      10%        N/A       89%         4
 Cause Fear               Hex            1%         N/A       99%         4
 Lightning Bolt           Conj/Air       1%         1d12      100%        5
 Discord                  Hex            1%         N/A       100%        8
 Maxwell's Capacitive Co  Air            1%         ∞         100%        8


Dungeon Overview and Level Annotations

Branches:
Dungeon (2/15) Zot: 9741

Altars:
Fedhas


Innate Abilities, Weirdness & Mutations

You have large cloven feet.
You have a pair of small horns on your head.


Message History

Aim: an adder (70% to hit)
The blast of sand hits the adder!
The adder is severely wounded.
You feel very sick. The adder bites you but does no damage.
The adder closely misses you.
Casting: Sandblast (safe; 12% risk of failure)
Confirm with . or Enter, or press ? or * to list all spells.
Aiming: Sandblast (safe; 12% risk of failure)
Press: ? - help, Shift-Dir - straight line, f/p - adder
Aim: an adder (heavily wounded, 70% to hit)
You miscast Sandblast.
You are very lightly contaminated with residual magic.
Nothing appears to happen.
You feel sick. The adder bites you.
Unknown command.
Casting: Sandblast (safe; 12% risk of failure)
Confirm with . or Enter, or press ? or * to list all spells.
Aiming: Sandblast (safe; 12% risk of failure)
Press: ? - help, Shift-Dir - straight line, f/p - adder
Aim: an adder (heavily wounded, 70% to hit)
The blast of sand hits the adder!
You kill the adder!
You feel very sick.
Your Fighting skill increases to level 2!
Unknown command.
You feel sick.
You see here an adder corpse.
You feel sick.
You feel sick.
You feel sick.
There is a stone staircase leading up here.
You feel sick.
Your magical contamination has completely faded away.
You climb upwards.
You feel sick.
You are no longer poisoned.
There is a stone staircase leading down here.
There is an open door here.
Magic restored.
There is a staircase leading out of the dungeon here.
Are you sure you want to leave the Dungeon?
This will make you lose the game!
You have escaped!

#.......# ##.......## #.
#.......# ##...#.##..## ##
#####.......# ##...##..#...##
#...........# #...###..#.#..##
#...........###..## #.#..##..##
#...........##..## #.##.###..##
#.........####...####.#..# ##..##
#.........# #....#......# ##...
#.........# ##.@.#.####.# ##..
#.........# #....#......# ##...
#.........# #...####.##.# ##..##
########### #..## #.##.###..## .#
#...# #...## #....##..## .#
#.#.######...###..#.#..#####
.#####.#......##...##..#...##....
.......#..###.###...#.##..###....
.#######..###.# ##.......## ###..


There were no monsters in sight!

Vanquished Creatures
  A hound (D:2)
  2 adders (D:2)
  A worm (D:2)
  An endoplasm (D:2)
  A giant cockroach (D:1)
  4 hobgoblins
  3 kobolds
  2 quokkas
  2 ball pythons (D:2)
  3 bats
  4 frilled lizards
  2 goblins (D:1)
  4 rats
30 creatures vanquished.

Notes
Turn   | Place    | Note
-------+----------+-------------------------------------------
     0 | D:1      | protoss039 the Demonspawn Earth Elementalist began the
                  | quest for the Orb.
     0 | D:1      | Reached XP level 1. HP: 13/13 MP: 3/3
   564 | D:1      | Discovered your monstrous ancestry.
   564 | D:1      | Gained mutation: You have large cloven feet. [demonic
                  | ancestry]
   564 | D:1      | Reached XP level 2. HP: 20/20 MP: 1/5
   915 | D:1      | Reached skill level 1 in Fighting
  1191 | D:2      | Reached skill level 3 in Earth Magic
  1605 | D:2      | Found a blossoming altar of Fedhas.
  1975 | D:2      | Noticed a floating eye
  1977 | D:2      | Found a faded altar of an unknown god.
  1980 | D:2      | Reached XP level 3. HP: 24/26 MP: 6/6
  1994 | D:2      | Noticed a floating eye
  1994 | D:2      | Noticed a floating eye
  1994 | D:2      | Noticed a shining eye
  2145 | D:2      | Gained mutation: You have a pair of small horns on your
                  | head. [demonic ancestry]
  2145 | D:2      | Reached XP level 4. HP: 33/33 MP: 5/8
  2231 | D:$      | Got out of the dungeon alive.

Illustrated notes

Levels and vault maps discovered:
D:1:      dpeg_chamrin_arrival_tetris, layout_basic, hangedman_glass_teeth
D:2:      layout_basic, hellmonk_ecumenical_altar_watching_god, basic_altar

Skill      XL: |  1  2  3  4 |
---------------+-------------+-----
Fighting       | 1 2 |  2.0
Earth Magic    | 3 |  3.4
Dodging        | |  1.7
Stealth        | |  1.7
Spellcasting   | |  2.9
Transmutations | |  0.8

Action                   |  1- 3 |  4- 6 || total
-------------------------+-------+-------++-------
Melee: Hand axe          |    44 |       ||    44
       Dagger            |     7 |       ||     7
       Kick              |     7 |       ||     7
 Cast: Sandblast         |    27 |     4 ||    31
Armor: Robe              |     1 |       ||     1
       Ring mail         |    22 |     2 ||    24
Dodge: Dodged            |    30 |     1 ||    31
